 Dungeon Crawl Stone Soup version 0.31-a0-881-ge136f0c47a (webtiles) character file.

Game seed: 5808507989013299588

928 gruber the Geomancer (level 7, -4/33 (36) HPs)
             Began as a Deep Elf Earth Elementalist on Oct 15, 2023.
             Slain by a wight
             ... wielding a +4 long sword
              (13 damage)
             ... on level 6 of the Dungeon.
             The game lasted 00:03:46 (3865 turns).

gruber the Geomancer (Deep Elf Earth Elementalist)  Turns: 3865, Time: 00:03:47

HP:   -4/33 (36)    AC:  4    Str: 11    XL:     7   Next: 85%
MP:   12/18         EV: 12    Int: 22    God:
Gold: 356           SH:  0    Dex: 15    Spells: 14/18 levels left

rFire   . . .        o - +1 short sword (venom)
rCold   . . .        (no shield)
rNeg    . . .        a - +0 robe
rPois   .            e - +0 helmet
rElec   .            (no cloak)
rCorr   .            (no gloves)
SInv    .            t - +0 pair of boots
Will    .....        (no amulet)
Stlth   ++           f - +6 ring of strength
HPRegen 0.25/turn    (no ring)
MPRegen 0.16/turn

%: no passive effects
@: drained
A: no striking features
a: no special abilities


You were on level 6 of the Dungeon.
You visited 1 branch of the dungeon, and saw 6 of its levels.

You collected 356 gold pieces.

Inventory:

Hand Weapons
 g - a +0 spear
 o - a +1 short sword of venom (weapon)
 p - a +1 mace of draining
Armour
 a - a +0 robe (worn)
 e - a +0 helmet (worn)
 t - a +0 pair of boots (worn)
Jewellery
 f - a +6 ring of strength (left hand)
 n - a ring of positive energy
Wands
 r - a wand of paralysis (9)
 u - a wand of roots (9)
Scrolls
 d - a scroll of enchant weapon {unknown}
 h - 7 scrolls of identify {unknown}
 l - 3 scrolls of teleportation {unknown}
 q - 2 scrolls of vulnerability {unknown}
 s - 2 scrolls of butterflies {unknown}
Potions
 b - a potion of magic
 c - a potion of degeneration {unknown}
 i - 2 potions of lignification {unknown}
 j - a potion of invisibility {unknown}
 k - 2 potions of cancellation {unknown}
 m - 3 potions of berserk rage {unknown}
 v - a potion of curing {unknown}


   Skills:
 - Level 2.4 Dodging
 - Level 2.4 Stealth
 - Level 6.0 Spellcasting
 * Level 2.4 Conjurations
 - Level 1.1 Transmutations
 - Level 9.0 Earth Magic


You had 14 spell levels left.
You knew the following spells:

 Your Spells              Type           Power      Damage    Failure   Level
a - Sandblast             Erth           92%        2d19      1%          1
b - Stone Arrow           Conj/Erth      64%        3d11      2%          3

Your spell library contained the following spells:

 Spells                   Type           Power      Damage    Failure   Level
 Passwall                 Tmut/Erth      23%        N/A       1%          2
 Static Discharge         Conj/Air       24%        2-3/arc   9%          2
 Brom's Barrelling Bould  Conj/Erth      32%        2d5       9%          4
 Petrify                  Tmut/Erth      28%        N/A       11%         4
 Lesser Beckoning         Tloc           12%        N/A       14%         2
 Gell's Gravitas          Tloc           6%         N/A       26%         3
 Inner Flame              Hex/Fire       6%         N/A       26%         3
 Teleport Other           Tloc           6%         N/A       26%         3
 Flame Wave               Conj/Fire      12%        2d6       50%         4
 Sticky Flame             Conj/Fire      12%        2d4       50%         4
 Airstrike                Air            3%         2d(1-17)  65%         4
 Summon Lightning Spire   Summ/Air       6%         N/A       65%         4


Dungeon Overview and Level Annotations

Branches:
Dungeon (6/15)
 Temple: D:4-7

Altars:


Message History

Done exploring.
Done exploring.
Done exploring.
Done exploring.
There is a stone staircase leading down here.
You climb downwards.
There is a stone staircase leading up here.
There are monsters nearby!
The blast of sand hits the wight!
The wight is almost destroyed.
The blast of sand hits the wight!
You destroy the wight!
Your Conjurations skill increases to level 1!
The blast of sand hits the wight!
The wight is almost destroyed.
The blast of sand hits the wight!
You destroy the wight!
The wight barely misses you. x2
Your Conjurations skill increases to level 2!
The blast of sand hits the wight!
The wight is heavily damaged.
The wight barely misses you.
The blast of sand hits the wight but does no damage.
The wight is heavily damaged.
The wight hits you with a +4 long sword!
You feel drained.
The wight hits you with a +4 long sword!
* * * LOW HITPOINT WARNING * * *
You feel drained.
* * * LOW HITPOINT WARNING * * *
Unknown command.
Casting: Sandblast (safe; 1% risk of failure)
Confirm with . or Enter, or press ? or * to list all spells.
Aiming: Sandblast (safe; 1% risk of failure)
Press: ? - help, Shift-Dir - straight line, f/p - wight
Aim: a wight, wielding a +4 long sword and wearing a +0 robe (heavily damaged, 85% to hit)
The blast of sand hits the wight!
The wight is almost destroyed.
The wight hits you with a +4 long sword!
You die...

### ##
##.. ..
#..##.###.
#.........
....)..
#.).# #@z#
#..# ##.#
.# .# .#
.. .#


You could see a wight.

Vanquished Creatures
  A water moccasin (D:3)
  A black bear (D:4)
  A phantom (D:4)
  3 scorpions
  2 wights (D:6)
  A hound (D:4)
  2 jellies
  An orc priest (D:5)
  2 sleepcaps
  2 iguanas (D:5)
  An orc wizard (D:5)
  4 adders
  A river rat (D:3)
  3 worms
  4 dart slugs
  4 orcs
  7 bats
  9 endoplasms
  5 giant cockroaches
  2 goblins
  5 hobgoblins
  2 jackals (D:2)
  2 quokkas (D:1)
  6 ball pythons
  3 frilled lizards
  5 kobolds
  5 rats
84 creatures vanquished.

Notes
Turn   | Place    | Note
-------+----------+-------------------------------------------
     0 | D:1      | gruber the Deep Elf Earth Elementalist began the quest for
                  | the Orb.
     0 | D:1      | Reached XP level 1. HP: 10/10 MP: 6/6
   295 | D:1      | Reached XP level 2. HP: 15/15 MP: 6/8
   551 | D:1      | Reached skill level 4 in Earth Magic
   969 | D:2      | Reached XP level 3. HP: 19/19 MP: 7/10
   973 | D:2      | Learned a level 3 spell: Stone Arrow
  1767 | D:3      | Found a faded altar of an unknown god.
  1992 | D:3      | Reached XP level 4. HP: 24/24 MP: 9/12
  2075 | D:3      | Noticed a water moccasin
  2138 | D:3      | Reached skill level 5 in Spellcasting
  2154 | D:3      | Found a glowing drain.
  2314 | D:3      | Killed a water moccasin
  2315 | D:3      | Reached skill level 5 in Earth Magic
  2315 | D:3      | Reached XP level 5. HP: 14/28 MP: 8/15
  2503 | D:4      | Noticed a black bear
  2506 | D:4      | Killed a black bear
  2507 | D:4      | Reached skill level 6 in Earth Magic
  2507 | D:4      | Reached XP level 6. HP: 32/32 MP: 13/17
  2675 | D:4      | Reached skill level 7 in Earth Magic
  2875 | D:4      | Reached XP level 7. HP: 36/36 MP: 15/18
  3120 | D:5      | Entered Level 5 of the Dungeon
  3124 | D:5      | Reached skill level 8 in Earth Magic
  3634 | D:5      | Reached skill level 9 in Earth Magic
  3861 | D:6      | Reached skill level 1 in Conjurations
  3865 | D:6      | Slain by a wight

Illustrated notes

Levels and vault maps discovered:
D:1:      dpeg_arrival_round_a, layout_basic, minmay_misc_feat_more_columns
D:2:      layout_basic, st_stairs_6, serial_bayou_lagoon_a
D:3:      layout_loops_ring, shapermc_ecumenical_altar_starsandcircs,
          portal_sewer_entry_e, chequers_serial_rivers_small_a, st_stairs_2,
          grunt_ministairs_4, minmay_misc_feat_plants
D:4:      layout_rooms
D:5:      layout_layer_cave, corexii_leaking_fountain
D:6:      layout_loops_ring, minmay_temple_entry_mist,
          nicolae_twisty_statue_hallways, uniq_duvessa

Skill      XL: |  1  2  3  4  5  6  7 |
---------------+----------------------+-----
Earth Magic    | 4 5 6 7 9 |  9.0
Spellcasting   | 4 6 |  6.0
Conjurations   | 2 |  2.4
Dodging        | |  2.4
Stealth        | |  2.4
Transmutations | |  1.1

Action                     |  1- 3 |  4- 6 |  7- 9 || total
---------------------------+-------+-------+-------++-------
  Melee: Spear             |       |     5 |       ||     5
   Cast: Sandblast         |    55 |    47 |    31 ||   133
 Armour: Robe              |     4 |    21 |     5 ||    30
  Dodge: Dodged            |    10 |    22 |     7 ||    39

Table legend: (Time is in decaauts)
 A = Elapsed time spent in this place.
 B = Non-inter-level travel time spent in this place.
 C = Inter-level travel time spent in this place.
 D = Time resting spent in this place.
 E = Time spent auto-exploring this place.
 F = Levels seen in this place.
 G = Mean time per level.
                   A        B        C        D        E       F      G
               +--------+--------+--------+--------+--------+-----+--------+
         Total |   3946 |   3779 |    167 |     57 |   3145 |   6 |  657.7 |
       Dungeon |   3946 |   3779 |    167 |     57 |   3145 |   6 |  657.7 |
               +--------+--------+--------+--------+--------+-----+--------+

Top non-repeatable levels by time:
     D:3: 956 daAuts
     D:1: 925 daAuts
     D:5: 748 daAuts
     D:2: 675 daAuts
     D:4: 629 daAuts
     D:6: 9 daAuts
